 Dungeon Crawl Stone Soup version 0.29-a0-490-g77b3608bb8 (webtiles) character file.

Game seed: 11318253768320671848

114772 Pelinal the Geomancer (level 16, -20/87 HPs)
             Began as a Gargoyle Earth Elementalist on May 27, 2022.
             Was an Elder of Sif Muna.
             Demolished by a culicivora (31 damage)
             ... led by a jorogumo
             ... on level 2 of the Spider Nest.
             The game lasted 01:53:06 (35634 turns).

Pelinal the Geomancer (GrEE)                       Turns: 35634, Time: 01:53:07

Health: -20/87     AC: 22    Str: 13    XL:     16   Next: 66%
Magic:  21/27      EV: 17    Int: 25    God:    Sif Muna [****..]
Gold:   679        SH:  5    Dex: 10    Spells: 2/30 levels left

rFire   + . .      SeeInvis .   b - staff of earth
rCold   + . .      Faith    .   i - +0 buckler
rNeg    + . .      Spirit   .   N - +2 robe {rF+}
rPois   ∞          Reflect  .   H - +1 helmet of a wizard's laboratory {Will+ Stlth+}
rElec   +          Harm     +   z - +0 cloak
rCorr   +          Rampage  .   X - +1 pair of gloves "Izeuh" {Will+}
Will    +++..                   u - +0 pair of boots of Ru, Shouting {Harm rPois rCorr Int+2}
Stlth   +++++.....              B - amulet of regeneration
HPRegen 1.04/turn               T - +4 ring of evasion
MPRegen 0.20/turn               G - ring of protection from cold

@: channelling, flying
A: sickness immunity, AC +12, big wings, negative energy resistance 1,
electricity resistance, torment resistance 1, petrification resistance
a: Renounce Religion, Channel Magic, Forget Spell, Divine Exegesis


You were on level 2 of the Spider Nest.
You worshipped Sif Muna.
Sif Muna was greatly pleased with you.
You visited 5 branches of the dungeon, and saw 26 of its levels.
You also visited: Sewer, Gauntlet and Volcano.

You collected 2902 gold pieces.
You spent 2223 gold pieces at shops.

Inventory:

Hand Weapons
 a - a +7 dagger of venom
Missiles
 e - 15 poisoned darts (quivered)
 P - 2 throwing nets
 R - 198 stones
Armour
 i - a +0 buckler (worn)
 u - the +0 pair of boots of Ru, Shouting (worn) {Harm rPois rCorr Int+2}
   (You bought it in a shop on level 15 of the Dungeon)

   Int:       It affects your intelligence (+2).
   rPois:     It protects you from poison.
   rCorr:     It protects you from acid and corrosion.
   Harm:      It increases damage dealt and taken.
 z - a +0 cloak (worn)
 H - the +1 helmet of a wizard's laboratory (worn) {Will+ Stlth+}
   (You found it in a Gauntlet)

   Will:      It increases your willpower.
   Stlth:     It makes you more stealthy.
 L - a +2 robe of cold resistance
 N - a +2 robe of fire resistance (worn)
 W - a +0 kite shield
 X - the +1 pair of gloves "Izeuh" (worn) {Will+}
   (You found it in a Gauntlet)

   Will:      It increases your willpower.
Magical Staves
 b - a staff of earth (weapon)
Jewellery
 y - a ring of resist corrosion
 B - an amulet of regeneration (around neck)
 C - a +6 ring of intelligence
 G - a ring of protection from cold (right hand)
 T - a +4 ring of evasion (left hand)
 U - an amulet of reflection
Wands
 h - a wand of iceblast (3)
 m - a wand of mindburst (15)
 o - a wand of paralysis (21)
 K - a wand of polymorph (13)
 M - a wand of acid (6)
 S - a wand of digging (7)
 Y - a wand of charming (3)
Scrolls
 f - 4 scrolls of fog
 j - 2 scrolls of silence
 l - a scroll of enchant armour
 s - 4 scrolls of torment
 t - 12 scrolls of teleportation
 w - 9 scrolls of vulnerability
 x - 2 scrolls of brand weapon
 D - 2 scrolls of amnesia
 F - 4 scrolls of fear
 I - 7 scrolls of magic mapping
 J - 4 scrolls of immolation
 O - a scroll of poison
 Q - 5 scrolls of blinking
Potions
 c - 2 potions of magic
 d - 19 potions of curing
 g - 2 potions of resistance
 k - 3 potions of brilliance
 n - 6 potions of haste
 p - 5 potions of might
 q - 5 potions of heal wounds
 v - 4 potions of lignification
 A - 3 potions of mutation
 E - 4 potions of ambrosia
 V - 2 potions of attraction
Miscellaneous
 r - a tin of tremorstones (1/2)
 Z - a condenser vane


   Skills:
 - Level 5.3 Fighting
 - Level 5.0 Short Blades
 - Level 6.0 Throwing
 - Level 5.0 Dodging
 - Level 10.7 Stealth
 + Level 7.3 Shields
 - Level 7.7 Spellcasting
 - Level 11.6 Conjurations
 - Level 5.7 Necromancy
 - Level 5.0 Translocations
 - Level 5.7 Transmutations
 - Level 13.5 Earth Magic
 + Level 11.8 Invocations
 - Level 10.0 Evocations


You had 2 spell levels left.
You knew the following spells:

 Your Spells              Type           Power      Damage    Failure   Level
a - Sandblast             Erth           100%       2d20      1%          1
b - Stone Arrow           Conj/Erth      100%       3d13      1%          3
c - Petrify               Tmut/Erth      72%        N/A       1%          4
d - Iron Shot             Conj/Erth      41%        9d8       7%          6
e - Borgnjor's Vile Clut  Necr/Erth      36%        N/A       4%          5
i - Irradiate             Conj/Tmut      26%        3d22      6%          5
A - Passwall              Tmut/Erth      60%        N/A       1%          2
F - Blink                 Tloc           68%        N/A       1%          2

Your spell library contained the following spells:

 Spells                   Type           Power      Damage    Failure   Level
 Apportation              Tloc           68%        N/A       1%          1
 Foxfire                  Conj/Fire      100%       2x1d9     1%          1
 Magic Dart               Conj           100%       1d8       1%          1
 Searing Ray              Conj           100%       2d8       1%          2
 Freeze                   Ice            36%        1d6       8%          1
 Slow                     Hex            36%        N/A       8%          1
 Call Imp                 Summ           9%         N/A       12%         2
 Ensorcelled Hibernation  Hex/Ice        18%        N/A       12%         2
 Iskenderun's Battlesphe  Conj           61%        2d11      1%          5
 Conjure Flame            Conj/Fire      38%        6-21      2%          3
 Dazzling Flash           Conj/Hex       76%        N/A       2%          3
 Vampiric Draining        Necr           38%        2d8       2%          3
 Iskenderun's Mystic Bla  Conj/Tloc      50%        2d11      2%          4
 Gell's Gravitas          Tloc           34%        N/A       3%          3
 Lesser Beckoning         Tloc           34%        N/A       3%          3
 Teleport Other           Tloc           34%        N/A       3%          3
 Mephitic Cloud           Conj/Pois/Air  29%        N/A       4%          3
 Flame Wave               Conj/Fire      38%        2d9       7%          4
 Hailstorm                Conj/Ice       38%        3d9       7%          4
 Animate Dead             Necr           38%        N/A       8%          4
 Dispel Undead            Necr           38%        3d16      8%          4
 Ignite Poison            Fire/Tmut/Pois 19%        N/A       11%         3
 Agony                    Necr           38%        N/A       21%         5
 Fireball                 Conj/Fire      19%        3d9       21%         5
 Lightning Bolt           Conj/Air       19%        1d33      21%         5
 Call Canine Familiar     Summ           9%         N/A       22%         3
 Confusing Touch          Hex            9%         N/A       22%         3
 Frozen Ramparts          Ice            18%        1d3       22%         3
 Inner Flame              Hex/Fire       9%         N/A       22%         3
 Ice Form                 Ice/Tmut       24%        N/A       24%         4
 Manifold Assault         Tloc           34%        N/A       26%         5
 Corpse Rot               Necr/Pois/Air  19%        N/A       34%         4
 Freezing Cloud           Conj/Ice/Air   14%        6-21      41%         5
 Orb of Destruction       Conj           30%        9d10      50%         7
 Alistair's Intoxication  Tmut/Pois      16%        N/A       54%         5
 Summon Ice Beast         Ice/Summ       9%         N/A       58%         4
 Summon Forest            Summ/Tloc      11%        N/A       58%         5
 Conjure Ball Lightning   Conj/Air       19%        3x3d6     73%         6
 Starburst                Conj/Fire      19%        6d7       73%         6
 Death Channel            Necr           19%        N/A       75%         6
 Silence                  Hex/Air        4%         N/A       91%         5
 Lehudib's Crystal Spear  Conj/Erth      41%        10d10     96%         8
 Eringya's Noxious Bog    Tmut/Pois      12%        N/A       98%         6
 Haunt                    Necr/Summ      11%        N/A       100%        7
 Monstrous Menagerie      Summ           4%         N/A       100%        7
 Summon Hydra             Summ           4%         N/A       100%        7
 Ignition                 Fire           4%         3d4       100%        8
 Necromutation            Tmut/Necr      19%        N/A       100%        8
 Fire Storm               Conj/Fire      19%        8d5       100%        9
 Polar Vortex             Ice            4%         N/A       100%        9


Dungeon Overview and Level Annotations

Branches:
Dungeon (15/15)            Temple (1/1) D:5            Lair (6/6) D:10
 Shoals (0/4) Lair:3       Spider (2/4) Lair:2        Slime (0/5) Lair:5
    Orc (2/2) D:11            Elf (0/3) Orc:2        Vaults (0/5) D:13
 Depths (0/4) D:15          Sewer (visited)         Volcano (visited)
Gauntlet (visited)

Altars:
Ashenzari
Cheibriados
Dithmenos
Elyvilon
Fedhas
Gozag
Hepliaklqana
Kikubaaqudgha
Makhleb
Nemelex Xobeh
Okawaru
Qazlal
Ru
Sif Muna
Trog
Uskayaw
Vehumet
Wu Jian
Xom
Yredelemnul
Zin
The Shining One

Shops:
D:10 :(((   D:15 [   Orc:2 !=*[(

Portals:
Hell: Lair:6
Trove: D:10 (give +5 ice dragon scales)

Annotations:
D:5 Dowan, Duvessa
D:7 1 runed translucent door, Bediveer's ghost, novice PaAK
D:10 exclusion: 2 two-headed ogres
Lair:5 exclusion: 2 oklob plants


Innate Abilities, Weirdness & Mutations

You are immune to sickness and miasma.
Your stone body is resilient. (AC +12)
You are immune to poison.
Your large and strong wings let you fly.
You resist negative energy. (rN+)
You are resistant to electric shocks. (rElec)
You are resistant to unholy torment.
You are immune to petrification.


Message History

Unknown command.
Casting: Borgnjor's Vile Clutch (dangerous; 4% risk of failure)
Confirm with . or Enter, or press ? or * to list all spells.
Aiming: Sandblast (safe; 1% risk of failure)
Press: ? - help, Shift-Dir - straight line, f - culicivora
Aim: a culicivora (berserk, soul bound, 71% to hit)
You feel a surge of power!
The blast of sand hits the culicivora!
The culicivora is moderately wounded.
R - 199 stones The zombie hands constrict the moth of wrath!
The culicivora bites you but does no damage.
The moth of wrath struggles to escape constriction.
The culicivora misses you.
Unknown command.
Casting: Sandblast (safe; 1% risk of failure)
Confirm with . or Enter, or press ? or * to list all spells.
Aiming: Sandblast (safe; 1% risk of failure)
Press: ? - help, Shift-Dir - straight line, f/p - culicivora
Aim: a culicivora (moderately wounded, berserk, soul bound, 71% to hit)
You feel a surge of power!
The blast of sand misses the culicivora.
R - 198 stones The zombie hands constrict the moth of wrath!
You kill the moth of wrath!
Sif Muna accepts your kill. The culicivora misses you.
A freezing mist starts to gather...
The culicivora bites you but does no damage.
A moth of wrath simulacrum comes into view.
Unknown command.
Casting: Sandblast (safe; 1% risk of failure)
Confirm with . or Enter, or press ? or * to list all spells.
Aiming: Stone Arrow (safe; 1% risk of failure)
Press: ? - help, Shift-Dir - straight line, f/p - culicivora
Aim: a culicivora (moderately wounded, berserk, soul bound, 61% to hit)
You feel a surge of power!
The stone arrow hits the culicivora!!
The culicivora is almost dead.
The culicivora bites you!!
* * * LOW HITPOINT WARNING * * *
The culicivora barely misses you. The culicivora bites you!!
You die...

**,**,* ***** ##........#**#
*,,*****,,∩* #.........# *
**^****,*,,* ##.........#
*,,,.#,,*,* #.........#*
*..,..#,,** #.........# ###
*#.,,..##* #.........###..
#..,,^.# ##..............
*#..*#^#####............^..
#..##.##.@..^.....^.....#.
*#..#...Zs.##.............
#...?.....###............
#.......^## #####.......#
***#..##Z..##*** #......##
****....,....##,,,****##.....#
***,,...°..#..#..,,,,,>^,#.....#
*,,,,.....,##.....,,,,,,,,....,*
**,,,....,,*#.......,,,,,,^,,,,*


You could see a culicivora (berserk, soul bound), a redback simulacrum and a
moth of wrath simulacrum.

Vanquished Creatures
  Jorgrun (D:13)
  An orc warlord (Orc:2)
  Nessos (Lair:5)
  Azrael (D:15)
  An entropy weaver (Spider:1)
  A dire elephant (Lair:6)
  A minotaur (Gauntlet)
  An ettin (D:15)
  2 vault guards (D:13)
  7 hydras
  A catoblepas (D:14)
  5 boulder beetles
  6 centaur warriors
  A jorogumo (Spider:1)
  2 two-headed ogres
  A dancing weapon (Volcano)
  17 death yaks
  2 tengu warriors (D:15)
  3 orc high priests (Orc:2)
  A sun demon (Lair:6)
  A pharaoh ant (Spider:2)
  4 skeletal warriors (D:13)
  A sun moth (Spider:1)
  A steelbarb worm (Spider:2)
  3 orb spiders
  6 wizards
  Pikel (D:5)
  4 necromancers
  2 deep elf pyromancers (D:14)
  3 orc knights (Orc:2)
  An oklob plant (D:10)
  4 wolf spiders
  3 manticores
  5 orc sorcerers
  11 ugly things
  10 elephants
  A moth of wrath (Spider:2)
  4 cyclopes
  5 toenail golems (Volcano)
  6 black mambas
  5 orange demons (Lair:6)
  A smoke demon (Lair:6)
  13 cane toads
  Maggie (Lair:2)
  A torpor snail (Lair:6)
  3 rime drakes
  An unseen horror (D:11)
  A yaktaur (shapeshifter) (D:15)
  3 tengu conjurers (D:15)
  2 freezing wraiths
  9 komodo dragons
  A meliai (D:14)
  A red devil (Lair:6)
  7 tarantellas
  2 trolls (D:10)
  A queen bee (D:11)
  A tyrant leech (Gauntlet)
  25 blink frogs
  2 hornets
  4 polar bears
  Grinder (D:3)
  9 jumping spiders
  5 slime creatures
  A culicivora (Spider:2)
  2 shadows
  47 yaks
  4 wyverns
  10 basilisks
  A human (shapeshifter) (D:14)
  3 vampires
  2 wraiths
  5 redbacks
  8 vampire mosquitoes
  3 fire elementals (D:15)
  16 humans (D:13)
  3 steam dragons (D:9)
  A two-headed ogre zombie (D:11)
  An acid dragon (D:8)
  3 swamp worms (Gauntlet)
  4 wargs
  11 water moccasins
  5 hell hounds
  28 orc warriors
  2 ice beasts (D:7)
  5 ogres
  A black bear (D:5)
  11 centaurs
  3 wolves (Lair:4)
  A lemure (D:5)
  A kobold brigand (D:9)
  2 phantoms
  3 small abominations (Gauntlet)
  10 bullfrogs
  A necrophage (D:7)
  3 scorpions
  6 wights
  38 killer bees
  12 howler monkeys
  2 vampire bats (Orc:1)
  An electric eel (Lair:4)
  A hound (D:5)
  A gnoll shaman (D:8)
  30 orc priests
  5 iguanas
  Natasha (thrice) (D:2)
  25 orc wizards
  3 hell rats
  7 ogre zombies (D:11)
  10 adders
  13 gnolls
  9 river rats
  A shadow imp (D:7)
  A white imp (D:6)
  An ufetubus (D:7)
  4 worms
  4 dart slugs
  76 orcs
  10 bats
  5 endoplasms (D:2)
  6 giant cockroaches
  5 hobgoblins
  6 kobolds
  A quokka (D:3)
  8 ball pythons
  A frilled lizard (D:3)
  4 goblins
  A goblin skeleton (D:11)
  A goblin zombie (D:11)
  6 hobgoblin zombies (D:11)
  3 orc skeletons (D:11)
  14 orc zombies (D:11)
  9 rats
765 creatures vanquished.

Vanquished Creatures (others)
  A wizard (Volcano)
  A howler monkey (D:9)
  32 fungi
  55 plants
  2 withered plants (D:7)
91 creatures vanquished.

Grand Total: 856 creatures vanquished

Notes
Turn   | Place    | Note
-------+----------+-------------------------------------------
     0 | D:1      | Pelinal the Gargoyle Earth Elementalist began the quest for
                  | the Orb.
     0 | D:1      | Reached XP level 1. HP: 10/10 MP: 3/3
   720 | D:1      | Reached skill level 4 in Earth Magic
  1059 | D:2      | Reached XP level 2. HP: 15/15 MP: 1/5
  1357 | D:2      | Reached XP level 3. HP: 19/19 MP: 1/6
  1793 | D:2      | Reached skill level 5 in Earth Magic
  1794 | D:2      | Reached XP level 4. HP: 24/24 MP: 7/7
  1871 | D:2      | Learned a level 2 spell: Passwall
  1947 | D:2      | Noticed Natasha
  1949 | D:2      | Killed Natasha
  2085 | D:2      | Noticed Natasha
  2090 | D:2      | Killed Natasha
  2091 | D:2      | Reached XP level 5. HP: 28/28 MP: 8/8
  2205 | D:2      | Noticed Natasha
  2211 | D:2      | Killed Natasha
  2212 | D:2      | Reached skill level 6 in Earth Magic
  2240 | D:3      | Learned a level 3 spell: Stone Arrow
  2260 | D:3      | Found a glowing drain.
  2301 | D:3      | Reached skill level 1 in Conjurations
  2349 | Sewer    | Entered a sewer
  2560 | D:3      | Reached XP level 6. HP: 32/32 MP: 9/9
  2694 | D:3      | Noticed Grinder
  2868 | D:3      | Killed Grinder
  2881 | D:3      | Reached XP level 7. HP: 35/36 MP: 10/10
  3008 | D:3      | Found a shimmering blue altar of Sif Muna.
  3009 | D:3      | Found a white marble altar of Elyvilon.
  3015 | D:3      | Became a worshipper of Sif Muna the Loreminder
  3433 | D:4      | Reached skill level 1 in Transmutations
  3501 | D:4      | Reached skill level 1 in Throwing
  3816 | D:4      | Found a blossoming altar of Fedhas.
  4264 | D:5      | Entered Level 5 of the Dungeon
  4302 | D:5      | Reached skill level 5 in Stealth
  4425 | D:5      | Reached XP level 8. HP: 41/41 MP: 11/11
  4506 | D:5      | Noticed Pikel
  4529 | D:5      | Killed Pikel
  4617 | D:5      | Reached * piety under Sif Muna
  4741 | D:5      | Found a staircase to the Ecumenical Temple.
  4889 | Temple   | Entered the Ecumenical Temple
  5353 | D:5      | Noticed Duvessa
  5374 | D:5      | Learned a level 4 spell: Petrify
  5557 | D:5      | Noticed Dowan
  5903 | D:6      | Reached XP level 9. HP: 39/45 MP: 9/12
  6092 | D:6      | Found a sacrificial altar of Ru.
  6174 | D:6      | Found an opulent altar of Gozag.
  6271 | D:6      | Reached ** piety under Sif Muna
  6923 | D:7      | Reached skill level 5 in Invocations
  7319 | D:7      | Found a shadowy altar of Dithmenos.
  7404 | D:7      | Found a runed translucent door.
  7404 | D:7      | Noticed Bediveer's ghost (novice PaAK)
  8467 | D:8      | Reached skill level 1 in Evocations
  8762 | D:8      | Reached XP level 10. HP: 50/50 MP: 15/15
  9113 | D:8      | Reached skill level 5 in Evocations
  9115 | D:8      | Reached skill level 7 in Earth Magic
  9452 | D:8      | Learned a level 2 spell: Blink
  9718 | D:9      | Reached skill level 5 in Conjurations
  9952 | D:9      | Reached skill level 1 in Translocations
 10029 | D:9      | Noticed a two-headed ogre
 10667 | D:9      | Killed a two-headed ogre
 10668 | D:9      | Reached skill level 5 in Translocations
 10668 | D:9      | Reached skill level 1 in Short Blades
 10678 | D:9      | Reached *** piety under Sif Muna
 10685 | D:9      | Reached XP level 11. HP: 50/54 MP: 16/16
 11042 | D:9      | Identified the +10 trident "Duek Xoi" {vorpal, rC+ Will+
                  | Int+4}
 11328 | D:10     | Entered Level 10 of the Dungeon
 11328 | D:10     | Found Gunagov's Weapon Shop.
 11360 | D:10     | Bought 18 stones for 27 gold pieces
 11369 | D:10     | Found a shimmering altar of Xom.
 11556 | D:10     | Found a basalt altar of Yredelemnul.
 11595 | D:10     | Found a portal to a secret trove of treasure.
 11624 | D:10     | Found a burning altar of Makhleb.
 11624 | D:10     | Noticed a two-headed ogre
 11624 | D:10     | Noticed a two-headed ogre
 11654 | D:10     | Found a staircase to the Lair.
 11660 | D:10     | Found Zuam's Weapon Boutique.
 11757 | D:10     | Found Lioth's Magic Scroll Shop.
 11762 | D:10     | Bought a scroll of vulnerability for 97 gold pieces
 11762 | D:10     | Bought a scroll of identify for 26 gold pieces
 11762 | D:10     | Bought a scroll of identify for 26 gold pieces
 11762 | D:10     | Bought a scroll of identify for 26 gold pieces
 11762 | D:10     | Bought a scroll of immolation for 45 gold pieces
 11762 | D:10     | Bought a scroll of vulnerability for 97 gold pieces
 11762 | D:10     | Bought a scroll of identify for 26 gold pieces
 11762 | D:10     | Bought a scroll of identify for 26 gold pieces
 11762 | D:10     | Bought a scroll of torment for 97 gold pieces
 11861 | D:10     | Found Ubafe's Antique Weapon Shoppe.
 11889 | D:10     | Found Qozano Loell's Book Shop.
 12079 | D:10     | Noticed an oklob plant
 12692 | D:10     | Killed an oklob plant
 12843 | Lair:1   | Entered Level 1 of the Lair of Beasts
 12901 | Lair:1   | Reached skill level 5 in Short Blades
 12914 | Lair:1   | Reached skill level 5 in Throwing
 13318 | Lair:1   | Reached skill level 1 in Fighting
 13966 | Lair:1   | Reached XP level 12. HP: 64/64 MP: 9/17
 14767 | Lair:2   | Reached skill level 10 in Stealth
 15000 | Lair:2   | Found a hole to the Spider Nest.
 15261 | Lair:2   | Noticed Maggie
 15274 | Lair:2   | Killed Maggie
 16276 | Lair:3   | Reached skill level 5 in Fighting
 16439 | Lair:3   | Found a staircase to the Shoals.
 17137 | Lair:4   | Reached **** piety under Sif Muna
 17179 | Lair:4   | Reached skill level 8 in Earth Magic
 17190 | Lair:4   | Found a gate leading to a gauntlet.
 17216 | Gauntlet | Entered a Gauntlet
 17216 | Gauntlet | Found a transporter.
 17306 | Gauntlet | Found a transporter.
 17322 | Gauntlet | Found a transporter.
 17325 | Gauntlet | Found a transporter.
 17327 | Gauntlet | Noticed a hell hog
 17332 | Gauntlet | Found a transporter.
 17347 | Gauntlet | Found a transporter.
 17347 | Gauntlet | Noticed a hell hog
 17351 | Gauntlet | Found a runed translucent door.
 17363 | Gauntlet | Found a transporter.
 17364 | Gauntlet | Found the brooch of Shielding {Spirit SH+8}
 17373 | Gauntlet | Found a transporter.
 17396 | Gauntlet | Found a transporter.
 17404 | Gauntlet | Found a transporter.
 17404 | Gauntlet | Noticed a tengu warrior
 17406 | Gauntlet | Found a transporter.
 17420 | Gauntlet | Found a transporter.
 17498 | Gauntlet | Found a transporter.
 17501 | Gauntlet | Found a transporter.
 17561 | Gauntlet | Noticed a two-headed ogre
 17561 | Gauntlet | a death drake changed into a two-headed ogre
 17566 | Gauntlet | a two-headed ogre changed into a torpor snail
 17650 | Gauntlet | Identified the +1 helmet of a wizard's laboratory {Will+
                  | Stlth+}
 17751 | Gauntlet | Identified the +1 pair of gloves "Izeuh" {Will+}
 17809 | Gauntlet | Noticed a minotaur
 17814 | Gauntlet | Learned a level 5 spell: Borgnjor's Vile Clutch
 17815 | Gauntlet | Found the +3 pair of gauntlets of War {Slay+5}
 17826 | Gauntlet | Killed a minotaur
 17827 | Gauntlet | Reached skill level 5 in Dodging
 17827 | Gauntlet | Reached skill level 5 in Transmutations
 17827 | Gauntlet | Reached XP level 13. HP: 45/72 MP: 9/19
 18999 | Lair:5   | Noticed Nessos
 19010 | Lair:5   | Killed Nessos
 19011 | Lair:5   | Reached skill level 9 in Earth Magic
 19233 | Lair:5   | Reached skill level 5 in Spellcasting
 19348 | Lair:5   | Reached skill level 1 in Necromancy
 19788 | Lair:5   | Identified the +3 hunting sling "Sarcophage" {freeze,
                  | +Blink rElec rF++ Str-4}
 19853 | Lair:5   | Found a staircase to the Slime Pits.
 20416 | Lair:5   | Reached skill level 10 in Earth Magic
 20796 | Lair:6   | Entered Level 6 of the Lair of Beasts
 20830 | Lair:6   | Found a dark tunnel.
 20839 | Volcano  | Entered a volcano
 21173 | Volcano  | Reached skill level 5 in Necromancy
 21321 | Volcano  | Reached skill level 11 in Earth Magic
 21332 | Volcano  | Gained mutation: Your large and strong wings let you fly.
                  | [Gargoyle growth]
 21332 | Volcano  | Reached XP level 14. HP: 78/78 MP: 11/21
 22947 | Lair:6   | Noticed a dire elephant
 22968 | Lair:6   | Killed a dire elephant
 23170 | Lair:6   | Reached ***** piety under Sif Muna
 23192 | Lair:6   | Found a burning altar of Makhleb.
 23212 | Lair:6   | HP: 3/78 [sun demon (17)]
 23838 | Lair:6   | Found a gateway to Hell.
 23845 | Lair:6   | Identified the +2 pair of gloves "Doule" {Will- Str+5
                  | Int+5}
 24813 | D:11     | Reached skill level 1 in Shields
 25136 | D:11     | Received a gift from Sif Muna
 25140 | D:11     | Got Sif Muna's Disquisition on Battle Magic {god gift}
 25228 | D:11     | Found a staircase to the Orcish Mines.
 25559 | Orc:1    | Entered Level 1 of the Orcish Mines
 25689 | Orc:1    | Reached XP level 15. HP: 61/82 MP: 9/22
 25840 | Orc:1    | Found a radiant altar of Vehumet.
 26306 | Orc:2    | Entered Level 2 of the Orcish Mines
 26306 | Orc:2    | Found a staircase to the Elven Halls.
 26328 | Orc:2    | Received a gift from Sif Muna
 26330 | Orc:2    | Got Sif Muna's Collected Works on Battle Magic and
                  | Lightness {god gift}
 26333 | Orc:2    | Reached skill level 5 in Shields
 26335 | Orc:2    | Noticed an orc warlord
 27278 | Orc:2    | Killed an orc warlord
 27323 | Orc:2    | Found Vuerphote's Distillery.
 27463 | Orc:2    | Reached skill level 10 in Conjurations
 27463 | Orc:2    | Reached skill level 12 in Earth Magic
 27836 | Orc:2    | Found Egunof's General Store.
 27837 | Orc:2    | Found Piogreu's Jewellery Emporium.
 27839 | Orc:2    | Found Bizit's Antique Armour Shoppe.
 27839 | Orc:2    | Found Araskute's Antique Weapon Shoppe.
 27844 | Orc:2    | Bought 12 stones for 20 gold pieces
 27845 | Orc:2    | Bought an amulet of regeneration for 390 gold pieces
 27866 | Orc:2    | Bought a glowing robe for 140 gold pieces
 27866 | Orc:2    | Bought a pair of encrusted gloves for 361 gold pieces
 27866 | Orc:2    | Identified the +0 pair of gloves of Guinwess {-Tele rN+
                  | Stlth+} (You bought it in a shop on level 2 of the Orcish
                  | Mines)
 27866 | Orc:2    | Bought an embroidered hat for 266 gold pieces
 27871 | Orc:2    | Bought a kite shield for 171 gold pieces
 29862 | D:13     | Received a gift from Sif Muna
 29945 | D:13     | Got Sif Muna's Tome of Stolen Souls and Snow {god gift}
 30146 | D:13     | Noticed Jorgrun
 30567 | D:14     | Learned a level 6 spell: Iron Shot
 31062 | D:14     | Reached skill level 13 in Earth Magic
 31905 | D:15     | Entered Level 15 of the Dungeon
 32014 | D:15     | Found Ysaekaps's Armour Emporium.
 32025 | D:15     | Bought the +0 pair of boots of Ru, Shouting {Harm rPois
                  | rCorr Int+2} for 382 gold pieces
 32296 | D:15     | Reached XP level 16. HP: 86/87 MP: 5/26
 32441 | D:15     | Found a staircase to the Depths.
 32768 | D:15     | Reached skill level 10 in Evocations
 32783 | D:15     | Noticed Azrael
 32801 | D:15     | Killed Azrael
 32820 | D:15     | Learned a level 5 spell: Irradiate
 33385 | D:13     | Killed Jorgrun
 33386 | D:13     | Reached skill level 10 in Invocations
 33619 | D:13     | Received a gift from Sif Muna
 33620 | D:13     | Got Sif Muna's Tome of Supportive Arcane Weapons {god gift}
 33936 | D:13     | Found a gate to the Vaults.
 34136 | Spider:1 | Entered Level 1 of the Spider Nest
 35634 | Spider:2 | Demolished by a culicivora

Illustrated notes

Levels and vault maps discovered:
D:1:      minmay_arrival_radiant_lines, layout_basic, serial_rivers,
          chequers_serial_rivers_large_b, chequers_serial_rivers_marsh,
          chequers_serial_rivers_micro_a, chequers_serial_rivers_small_b,
          chequers_serial_rivers_large_a
D:2:      layout_loops_ring, uniq_natasha
D:3:      layout_basic, gammafunk_temple_overflow_wave, portal_sewer_entry_a,
          uniq_grinder
D:4:      layout_rooms, mainiacjoe_overflow_boulevard, sigmund_army
D:5:      layout_loops_ring, minmay_temple_entry_waves, uniq_pikel, uniq_duvessa
D:6:      layout_basic, mainiacjoe_overflow_brackets,
          mainiacjoe_overflow_chevrons, minmay_tree_intersection, hex_medium
D:7:      layout_basic, grunt_dithmenos_shadows, gammafunk_ghost_grave
D:8:      layout_loops_ring, minmay_misc_feat_square
D:9:      layout_rooms, dk_noncrumbling_3, kennysheep_kite_vault
D:10:     layout_roguey, bloody_makhleb, mainiacjoe_overflow_large_starburst,
          dpeg_oklobed_lair, serial_shops, nicolae_shop_bloodbath_and_beyond,
          shop, shop, nicolae_shop_crystal, nicolae_shop_hallway_plus,
          enter_trove_3
D:11:     layout_small_grid, zombieorc2_lemuel, special_room [special_room_bee]
D:12:     layout_irregular_city, hangedman_abyss_or_decor_stagger,
          grunt_decor_junction
D:13:     layout_cave_pools, grunt_vaults_entry_tiered, uniq_jorgrun
D:14:     minmay_inside_and_out, layout_basic, minmay_holes
D:15:     hangedman_depths_entry_civil_slaughter, layout_basic,
          nicolae_concentric_dashed_squares_mild, serial_shops, shop_fountains,
          st_stairs_1, uniq_azrael
Temple:   nicolae_temple_figure_eight
Lair:1:   layout_cave_pods, special_room, serial_bayou_shore_b,
          infiniplex_staircase_pool_2
Lair:2:   layout_misc_corridors, nicolae_spider_entry_orb_guardian,
          kennysheep_rathole, uniq_maggie
Lair:3:   layout_cave_pods, shoals_dummy_entry
Lair:4:   layout_cave_shapes, gauntlet_entry_generic, infiniplex_staircase_pool
Lair:5:   beast_lair_carwin_large_2, layout_regular_city,
          minmay_slime_entry_oklob_open, uniq_nessos
Lair:6:   evil_forest, layout_gridlike, nicolae_volcano_entry_hallway
Spider:1: layout_chambers
Spider:2: layout_cave_pods, portal_ice_cave_entry_dragon, nicolae_spider_orb_run
Orc:1:    layout_caves, basic_altar, roderic_batcave
Orc:2:    st_orc_congregation, layout_caves, serial_shops, nicolae_shop_stone,
          nicolae_orc_crystal_geode

Skill      XL: |  1  2  3  4  5  6  7  8  9 10 11 12 13 14 15 16 |
---------------+-------------------------------------------------+-----
Earth Magic    | 4 5 6 7 8 11 13 | 13.5
Stealth        | 3 4 5 7 9 10 | 10.7
Conjurations   | 2 4 5 6 7 9 11 | 11.6
Transmutations | 2 3 4 5 |  5.7
Throwing       | 2 4 6 |  6.0
Invocations    | 2 7 9 11 | 11.8
Evocations     | 4 5 9 10 | 10.0
Spellcasting   | 3 4 5 7 |  7.7
Translocations | 5 |  5.0
Short Blades   | 2 5 |  5.0
Fighting       | 2 5 |  5.3
Dodging        | 2 5 |  5.0
Necromancy     | 5 |  5.7
Shields        | 3 5 7 |  7.3

Action                   |  1- 3 |  4- 6 |  7- 9 | 10-12 | 13-15 | 16-18 || total
-------------------------+-------+-------+-------+-------+-------+-------++-------
Melee: Dagger            |     5 |    13 |     4 |   179 |   487 |   113 ||   801
       Punch             |       |     1 |       |     3 |     2 |       ||     6
       Staff             |       |       |       |       |       |     7 ||     7
 Fire: Hunting sling     |    39 |    55 |    11 |       |       |       ||   105
Throw: Dart              |       |     3 |     9 |     9 |    22 |     2 ||    45
 Cast: Sandblast         |    23 |    28 |    80 |   259 |   204 |    47 ||   641
       Stone Arrow       |       |    11 |    79 |    93 |   313 |    55 ||   551
       Petrify           |       |       |       |    31 |    45 |     5 ||    81
       Borgnjor's Vile C |       |       |       |       |    34 |    33 ||    67
       Iron Shot         |       |       |       |       |       |     6 ||     6
       Irradiate         |       |       |       |       |       |     1 ||     1
Invok: Channel Magic     |       |       |       |    11 |    17 |     7 ||    35
Evoke: Wand              |       |     1 |     2 |     4 |    14 |     2 ||    23
       Condenser vane    |       |       |       |     2 |     3 |     1 ||     6
       Tin of tremorston |       |       |       |       |     2 |     2 ||     4
  Use: Scroll            |       |     5 |     5 |    16 |    12 |     3 ||    41
       Potion            |       |       |       |     7 |     2 |     1 ||    10
 Stab: Paralysed         |       |     5 |       |     1 |     2 |       ||     8
       Petrified         |       |       |       |    51 |    51 |     2 ||   104
       Sleeping          |       |       |       |     2 |    24 |     3 ||    29
       Petrifying        |       |       |       |     3 |     1 |     1 ||     5
       Distracted        |       |       |       |       |     1 |       ||     1
Armor: Robe              |     4 |     9 |    20 |    69 |   226 |    92 ||   420
Dodge: Dodged            |     7 |    14 |    31 |   170 |   428 |   153 ||   803
Block: Other             |       |       |       |    53 |    57 |       ||   110
       Reflection        |       |       |       |     1 |     1 |       ||     2
       Buckler           |       |       |       |       |   142 |    38 ||   180

Table legend: (Time is in decaauts)
 A = Elapsed time spent in this place.
 B = Non-inter-level travel time spent in this place.
 C = Inter-level travel time spent in this place.
 D = Time resting spent in this place.
 E = Time spent auto-exploring this place.
 F = Levels seen in this place.
 G = Mean time per level.
                   A        B        C        D        E       F      G
               +--------+--------+--------+--------+--------+-----+--------+
         Total |  35537 |  33907 |   1630 |   8762 |  17079 |  29 | 1225.4 |
       Dungeon |  19636 |  18696 |    940 |   4638 |   9983 |  15 | 1309.1 |
        Temple |    213 |    202 |     11 |      0 |    202 |   1 |  213.0 |
          Lair |  10503 |  10069 |    434 |   2999 |   4893 |   6 | 1750.5 |
   Spider Nest |   1494 |   1474 |     20 |    149 |   1085 |   2 |  747.0 |
  Orcish Mines |   2381 |   2157 |    224 |    634 |    916 |   2 | 1190.5 |
         Sewer |    135 |    135 |      0 |     45 |      0 |   1 |  135.0 |
       Volcano |    558 |    558 |      0 |    177 |      0 |   1 |  558.0 |
      Gauntlet |    614 |    614 |      0 |    120 |      0 |   1 |  614.0 |
               +--------+--------+--------+--------+--------+-----+--------+

Top non-repeatable levels by time:
  Lair:6: 2922 daAuts
  Lair:5: 2221 daAuts
    D:10: 1747 daAuts
    D:14: 1720 daAuts
     D:8: 1698 daAuts
     D:7: 1514 daAuts
  Lair:1: 1488 daAuts
  Lair:3: 1473 daAuts
    D:13: 1455 daAuts
    D:15: 1440 daAuts
  Lair:2: 1332 daAuts
   Orc:2: 1319 daAuts
     D:5: 1304 daAuts
Spider:1: 1273 daAuts
    D:12: 1246 daAuts
